Golden Knights vs Devils

Created - 15 novembre 2019 at 20:39

Goals
1 2 3 T
Golden Knights 1 2 0 3
Devils 0 1 0 1
Shots
1 2 3 T
Golden Knights 12 13 6 31
Devils 17 9 18 44

1st period

1. Golden Knights , Phil Kessel 9 (Evgeni Malkin 16) at 19:42

Penalties :
Connor Hellebuyck (VGK) for Slashing (Double Minor) at 4:52 - Brock Boeser served the penalty, Brooks Orpik (VGK) for Roughing (Double Minor) at 4:55

2nd period

2. Devils , Marcus Johansson 5 (Dominik Kahun 5) at 2:12
3. Golden Knights , Brock Boeser 8 (P.K. Subban 9, Dustin Byfuglien 8) at 2:18
4. Golden Knights , Kyle Okposo 6 (Nic Dowd 2) at 3:04

Penalties :
Anze Kopitar (NJD) for Tripping (Minor) at 18:00

3rd period

No Goal

Penalties :
No Penalty

Goalie Stats

Connor Hellebuyck (VGK), 43 saves from 44 shots - (0,977), W, 13-3-0, 60:00 minutes
Sergei Bobrovsky (NJD), 28 saves from 31 shots - (0,903), L, 8-5-2, 60:00 minutes

Players Stats for Golden Knights

Player Name              G  A  P  +/- PIM S  H  SB GA TA FO     MP     PP MP  PK MP  
------------------------------------------------------------------------------------
Antoine Roussel          0  0  0   0  0   0  1  2  1  0  0/0    17:16   0:57   0:39 
Austin Watson            0  0  0   1  0   2  2  1  1  0  0/0    14:20   0:00   0:00 
Blake Coleman            0  0  0   1  0   0  3  0  0  1  1/2    18:21   1:02   0:03 
Brock Boeser             1  0  1   0  0   3  0  0  1  0  0/1    16:41   0:57   0:03 
Brooks Orpik             0  0  0   2  4   1  0  1  0  1  0/0    19:00   0:46   0:02 
Byron Froese             0  0  0   0  0   1  0  0  0  0  2/2     6:42   0:00   0:00 
Derek Stepan             0  0  0   0  0   4  0  1  0  1  14/25  18:10   0:57   1:32 
Drake Caggiula           0  0  0   0  0   3  0  0  0  0  0/0     6:54   0:00   0:12 
Dustin Byfuglien         0  1  1   0  0   3  3  1  0  1  0/0    22:52   1:13   1:02 
Evgeni Malkin            0  1  1   1  0   2  1  0  0  0  11/25  19:57   1:02   1:39 
Korbinian Holzer         0  0  0   0  0   0  0  2  0  0  0/0    16:31   0:00   1:29 
Kris Russell             0  0  0   0  0   0  0  0  0  0  0/0    15:43   0:00   0:32 
Kyle Okposo              1  0  1   1  0   6  1  0  1  0  0/0    14:20   0:00   0:00 
Mark Barberio            0  0  0   0  0   0  0  0  0  0  0/0     1:08   0:00   1:08 
Nic Dowd                 0  1  1   1  0   2  3  0  0  0  9/14   14:20   0:00   0:00 
P.K. Subban              0  1  1   0  0   0  1  2  0  0  0/0    23:29   1:13   1:39 
Patrik Berglund          0  0  0   0  0   0  0  0  0  0  0/0     6:42   0:00   0:00 
Phil Kessel              1  0  1   1  0   4  0  0  0  0  0/1    18:18   1:02   0:00 
Ryan Pulock              0  0  0   2  0   0  1  2  0  0  0/0    21:17   0:46   2:11 

Players Stats for Devils

Player Name              G  A  P  +/- PIM S  H  SB GA TA FO     MP     PP MP  PK MP  
------------------------------------------------------------------------------------
Alex DeBrincat           0  0  0  -2  0   6  0  0  1  0  0/1    16:48   1:21   0:00 
Anze Kopitar             0  0  0  -2  2   5  2  0  0  0  12/22  16:49   1:23   0:00 
Brandon Carlo            0  0  0  -1  0   0  2  2  0  0  0/0    15:25   0:28   0:00 
Brandon Sutter           0  0  0   0  0   1  0  0  0  0  0/0     9:39   1:01   0:28 
Brayden Point            0  0  0  -1  0   6  2  0  0  0  1/2    19:01   1:44   0:34 
Cal O'Reilly             0  0  0   0  0   0  0  1  0  0  2/4     9:00   0:00   1:00 
Dominik Kahun            0  1  1   1  0   1  1  0  0  0  0/0    14:20   0:37   0:00 
Jared Spurgeon           0  0  0  -2  0   3  0  2  0  1  0/0    23:16   2:07   1:11 
Jeff Skinner             0  0  0  -2  0   5  0  0  2  0  0/1    16:48   1:21   0:00 
Kevin Connauton          0  0  0  -1  0   0  1  2  0  1  0/0    16:36   0:28   1:11 
Kyle Turris              0  0  0   1  0   0  2  0  0  0  5/10   14:20   0:00   0:31 
Marcus Johansson         1  0  1   1  0   6  1  0  0  0  0/1    15:39   0:50   1:00 
Neal Pionk               0  0  0   1  0   0  2  0  0  0  0/0    21:19   1:27   0:48 
Patrice Bergeron         0  0  0  -1  0   3  1  0  1  0  13/28  18:29   1:48   0:00 
Reilly Smith             0  0  0  -1  0   3  1  0  0  0  0/0    18:29   1:48   0:00 
Roope Hintz              0  0  0   0  0   2  1  0  0  0  0/1     8:38   0:13   0:25 
Ryan Ellis               0  0  0  -2  0   1  2  1  0  0  0/0    22:22   1:27   0:48 
Thomas Hickey            0  0  0   1  0   2  2  2  0  2  0/0    21:02   2:07   0:00 

3 Stars

1 - Connor Hellebuyck (VGK)
2 - Kyle Okposo (VGK)
3 - Phil Kessel (VGK)

Power Play

Golden Knights - 0 on 1 Attempt(s) - 0,00%
Devils - 0 on 3 Attempt(s) - 0,00%

Penalty Kill

Golden Knights - 3 on 3 Attempt(s) - 100,00% - Score 0 goal in Penalty Kill
Devils - 1 on 1 Attempt(s) - 100,00% - Score 0 goal in Penalty Kill

Team Stat

Golden Knights - Hits : 16 - Faceoff Wins : 37 - Blocked Shots : 12 - Penalty Minutes : 8
Devils - Hits : 20 - Faceoff Wins : 33 - Blocked Shots : 10 - Penalty Minutes : 2

Official

Referees : Garrett Rank and Kevin Pollock
Linesman : Steve Barton and Bryan Pancich

Game Notes

19:42 of 1st period - Golden Knights goal is going for a video replay. After video review, Goal.

Finance

Level 1 -- Attendance: 5191 (86,52%) -- Ticket Income 519 100 $
Level 2 -- Attendance: 4549 (90,98%) -- Ticket Income 272 940 $
Level 3 -- Attendance: 1777 (88,85%) -- Ticket Income 62 195 $
Level 4 -- Attendance: 3752 (93,80%) -- Ticket Income 75 040 $
Luxury Box -- Attendance: 691 (69,10%) -- Ticket Income 138 200 $
Game was played at the Hellgates Center.
Total Attendance: 15960 (88,67%)
Total Ticket Income: 1 067 475 $
Other Income: 523 063 $
Total Income: 1 590 538 $

Golden Knights

5 vs 5 Forward 
   Center                   Left Wing                Right Wing               Time % Phy DF OF 
 1 Evgeni Malkin            Blake Coleman            Phil Kessel              35     0   1  4  
 2 Derek Stepan             Antoine Roussel          Brock Boeser             35     0   2  3  
 3 Nic Dowd                 Austin Watson            Kyle Okposo              30     0   2  3  
 4 Byron Froese             Drake Caggiula           Patrik Berglund          0      0   4  1  

5 vs 5 Defense 
   Defense                  Defense                                           Time % Phy DF OF 
 1 Dustin Byfuglien         P.K. Subban                                       36     0   2  3  
 2 Ryan Pulock              Brooks Orpik                                      34     0   2  3  
 3 Kris Russell             Korbinian Holzer                                  28     0   4  1  
 4 Korbinian Holzer         P.K. Subban                                       2      0   4  1  

PowerPlay Forward 
   Center                   Left Wing                Right Wing               Time % Phy DF OF 
 1 Evgeni Malkin            Blake Coleman            Phil Kessel              55     0   1  4  
 2 Derek Stepan             Antoine Roussel          Brock Boeser             45     0   1  4  

PowerPlay Defense
   Defense                  Defense                                           Time % Phy DF OF 
 1 Dustin Byfuglien         P.K. Subban                                       55     0   1  4  
 2 Ryan Pulock              Brooks Orpik                                      45     0   2  3  

Penalty Kill 4 Players Forward 
   Center                   Wing                     Time % Phy DF OF 
 1 Evgeni Malkin            Blake Coleman            55     0   3  2  
 2 Derek Stepan             Antoine Roussel          45     0   3  2  

Penalty Kill 4 Players Defense
   Defense                  Defense                  Time % Phy DF OF 
 1 Dustin Byfuglien         Brooks Orpik             55     0   4  1  
 2 Ryan Pulock              P.K. Subban              45     0   4  1  

Penalty Kill - 3 Players Forward 
   Forward                                           Time % Phy DF OF 
 1 Evgeni Malkin                                     55     0   4  1  
 2 Derek Stepan                                      45     0   4  1  

Penalty Kill - 3 Players Defense
   Defense                  Defense                  Time % Phy DF OF 
 1 Ryan Pulock              P.K. Subban              55     0   4  1  
 2 Brooks Orpik             Korbinian Holzer         45     0   4  1  

4 vs 4 Forward 
   Center                   Wing                     Time % Phy DF OF 
 1 Evgeni Malkin            Phil Kessel              55     0   2  3  
 2 Derek Stepan             Antoine Roussel          45     0   2  3  

4 vs 4 Defense
   Defense                  Defense                  Time % Phy DF OF 
 1 Dustin Byfuglien         P.K. Subban              55     0   3  2  
 2 Ryan Pulock              Brooks Orpik             45     0   3  2  

Last Minutes Offensive
   Center                   Left Wing                Right Wing               Defense                  Defense                  
   Evgeni Malkin            Derek Stepan             Phil Kessel              Dustin Byfuglien         P.K. Subban              

Last Minutes Defensive
   Center                   Left Wing                Right Wing               Defense                  Defense                  
   Evgeni Malkin            Derek Stepan             Kyle Okposo              Ryan Pulock              P.K. Subban              

Goaltenders
Starting : Connor Hellebuyck        
Backup : Louis Domingue           

Extra Forwards
Normal : Nic Dowd, Byron Froese, Antoine Roussel - PP : Nic Dowd, Byron Froese - PK : Antoine Roussel
Extra Defensemen
Normal : Kris Russell, Korbinian Holzer, Mark Barberio - PP : Kris Russell - PK : Korbinian Holzer, Mark Barberio
Penalty Shots
Evgeni Malkin, Brock Boeser, Phil Kessel, Blake Coleman, Derek Stepan
Custom OT Lines Forwards
Evgeni Malkin, Dustin Byfuglien, Brock Boeser, Phil Kessel, Derek Stepan, Blake Coleman, Antoine Roussel, Kyle Okposo, Austin Watson, Patrik Berglund
Custom OT Lines Defensemen
P.K. Subban, Ryan Pulock, Dustin Byfuglien, Korbinian Holzer, Brooks Orpik

Scratches
Daniel O'Regan (Healthy)

Devils

5 vs 5 Forward 
   Center                   Left Wing                Right Wing               Time % Phy DF OF 
 1 Patrice Bergeron         Brayden Point            Reilly Smith             33     0   1  4  
 2 Anze Kopitar             Alex DeBrincat           Jeff Skinner             33     0   1  4  
 3 Kyle Turris              Dominik Kahun            Marcus Johansson         25     1   2  2  
 4 Cal O'Reilly             Roope Hintz              Brandon Sutter           9      1   2  2  

5 vs 5 Defense 
   Defense                  Defense                                           Time % Phy DF OF 
 1 Jared Spurgeon           Ryan Ellis                                        35     1   3  1  
 2 Neal Pionk               Thomas Hickey                                     35     1   3  1  
 3 Kevin Connauton          Brandon Carlo                                     28     1   3  1  
 4 Jared Spurgeon           Ryan Ellis                                        2      1   3  1  

PowerPlay Forward 
   Center                   Left Wing                Right Wing               Time % Phy DF OF 
 1 Patrice Bergeron         Brayden Point            Reilly Smith             57     0   0  5  
 2 Anze Kopitar             Alex DeBrincat           Jeff Skinner             43     0   0  5  

PowerPlay Defense
   Defense                  Defense                                           Time % Phy DF OF 
 1 Neal Pionk               Ryan Ellis                                        50     0   1  4  
 2 Jared Spurgeon           Thomas Hickey                                     50     0   1  4  

Penalty Kill 4 Players Forward 
   Center                   Wing                     Time % Phy DF OF 
 1 Cal O'Reilly             Marcus Johansson         60     1   4  0  
 2 Brandon Sutter           Roope Hintz              40     1   4  0  

Penalty Kill 4 Players Defense
   Defense                  Defense                  Time % Phy DF OF 
 1 Kevin Connauton          Jared Spurgeon           60     1   4  0  
 2 Ryan Ellis               Neal Pionk               40     1   4  0  

Penalty Kill - 3 Players Forward 
   Forward                                           Time % Phy DF OF 
 1 Brandon Sutter                                    60     1   4  0  
 2 Cal O'Reilly                                      40     1   4  0  

Penalty Kill - 3 Players Defense
   Defense                  Defense                  Time % Phy DF OF 
 1 Kevin Connauton          Ryan Ellis               50     1   4  0  
 2 Jared Spurgeon           Neal Pionk               50     1   4  0  

4 vs 4 Forward 
   Center                   Wing                     Time % Phy DF OF 
 1 Brayden Point            Alex DeBrincat           50     0   1  4  
 2 Anze Kopitar             Jeff Skinner             50     0   1  4  

4 vs 4 Defense
   Defense                  Defense                  Time % Phy DF OF 
 1 Neal Pionk               Ryan Ellis               50     1   2  2  
 2 Jared Spurgeon           Kevin Connauton          50     1   2  2  

Last Minutes Offensive
   Center                   Left Wing                Right Wing               Defense                  Defense                  
   Patrice Bergeron         Brayden Point            Jeff Skinner             Neal Pionk               Ryan Ellis               

Last Minutes Defensive
   Center                   Left Wing                Right Wing               Defense                  Defense                  
   Anze Kopitar             Brayden Point            Brandon Sutter           Neal Pionk               Ryan Ellis               

Goaltenders
Starting : Sergei Bobrovsky         
Backup : Jaroslav Halak           

Extra Forwards
Normal : Brayden Point, Marcus Johansson, Kyle Turris - PP : Brayden Point, Marcus Johansson - PK : Kyle Turris
Extra Defensemen
Normal : Kevin Connauton, Ryan Ellis, Jared Spurgeon - PP : Kevin Connauton - PK : Ryan Ellis, Jared Spurgeon
Penalty Shots
Anze Kopitar, Kyle Turris, Ryan Ellis, Brayden Point, Jeff Skinner
Custom OT Lines Forwards
Roope Hintz, Brayden Point, Jeff Skinner, Reilly Smith, Alex DeBrincat, Anze Kopitar, Brandon Sutter, Marcus Johansson, Kyle Turris, Cal O'Reilly
Custom OT Lines Defensemen
Thomas Hickey, Ryan Ellis, Jared Spurgeon, Neal Pionk, Kevin Connauton

Scratches
Alec Martinez (Healthy)

% Time on Ice - Golden Knights

Lines # - Real PCT - Wanted PCT - Time Play
Normal Forward
1 - 32% - 35% - 17:16
2 - 29% - 35% - 15:41
3 - 27% - 30% - 14:20
4 - 12% - 0% - 6:42
Normal Defense
1 - 38% - 36% - 20:37
2 - 34% - 34% - 18:20
3 - 28% - 28% - 15:02
4 - 0% - 2% - 0:00
PP Forward
1 - 52% - 55% - 1:02
2 - 48% - 45% - 0:57
PP Defense
1 - 61% - 55% - 1:13
2 - 39% - 45% - 0:46
PK Forward
1 - 50% - 55% - 0:03
2 - 50% - 45% - 0:03
PK Defense
1 - 50% - 55% - 0:03
2 - 50% - 45% - 0:03
PK3 Forward
1 - 57% - 55% - 2:14
2 - 43% - 45% - 1:42
PK3 Defense
1 - 42% - 55% - 1:39
2 - 58% - 45% - 2:17
44 Forward
1 - 0% - 55%
2 - 0% - 45%
44 Defense
1 - 0% - 55%
2 - 0% - 45%
Last Minute Offensive  - 0:00
Last Minute Defensive  - 0:00
Total
Forward - 60:00
Defense - 60:00

% Time on Ice - Devils

Lines # - Real PCT - Wanted PCT - Time Play
Normal Forward
1 - 31% - 33% - 16:51
2 - 29% - 33% - 15:27
3 - 25% - 25% - 13:41
4 - 15% - 9% - 8:00
Normal Defense
1 - 36% - 35% - 19:25
2 - 35% - 35% - 18:55
3 - 28% - 28% - 14:57
4 - 1% - 2% - 0:42
PP Forward
1 - 56% - 57% - 2:16
2 - 44% - 43% - 1:46
PP Defense
1 - 36% - 50% - 1:27
2 - 64% - 50% - 2:35
PK Forward
1 - 79% - 60% - 1:34
2 - 21% - 40% - 0:25
PK Defense
1 - 60% - 60% - 1:11
2 - 40% - 40% - 0:48
PK3 Forward
1 - 0% - 60%
2 - 0% - 40%
PK3 Defense
1 - 0% - 50%
2 - 0% - 50%
44 Forward
1 - 0% - 50%
2 - 0% - 50%
44 Defense
1 - 0% - 50%
2 - 0% - 50%
Last Minute Offensive  - 0:00
Last Minute Defensive  - 0:00
Total
Forward - 60:00
Defense - 60:00

Play-by-Play

1st period


0:01 of 1st period - Evgeni Malkin wins face-off versus Brayden Point in neutral zone.
0:53 of 1st period - Wrist shot by Brandon Sutter.
0:53 of 1st period - Shot Blocked by Dustin Byfuglien.
0:55 of 1st period - Snap shot by Brandon Sutter.
0:55 of 1st period - Stopped by Connor Hellebuyck without a rebound.
0:56 of 1st period - Nic Dowd wins face-off versus Kyle Turris in Golden Knights zone.
1:08 of 1st period - Snap shot by Kyle Okposo.
1:08 of 1st period - Shot Blocked by Brandon Carlo.
1:10 of 1st period - Wrist shot by Austin Watson.
1:10 of 1st period - Stopped by Sergei Bobrovsky with a rebound.
1:12 of 1st period - Slapshot by Nic Dowd.
1:12 of 1st period - Stopped by Sergei Bobrovsky without a rebound.
1:13 of 1st period - Derek Stepan wins face-off versus Patrice Bergeron in Devils zone.
1:16 of 1st period - Snap shot by Brock Boeser.
1:16 of 1st period - Shot Misses the Net.
1:42 of 1st period - Off-side.
1:43 of 1st period - Anze Kopitar wins face-off versus Evgeni Malkin in neutral zone.
1:48 of 1st period - Wrist shot by Alex DeBrincat.
1:48 of 1st period - Stopped by Connor Hellebuyck without a rebound.
1:49 of 1st period - Kyle Turris wins face-off versus Evgeni Malkin in Golden Knights zone.
1:59 of 1st period - Off-side.
2:00 of 1st period - Nic Dowd wins face-off versus Anze Kopitar in neutral zone.
2:15 of 1st period - Ryan Ellis is hit by Nic Dowd and loses puck.
3:12 of 1st period - Backhand shot by Byron Froese.
3:12 of 1st period - Shot Misses the Net.
3:18 of 1st period - Snap shot by Drake Caggiula.
3:18 of 1st period - Stopped by Sergei Bobrovsky without a rebound.
3:19 of 1st period - Evgeni Malkin wins face-off versus Anze Kopitar in Devils zone.
3:28 of 1st period - Snap shot by Evgeni Malkin.
3:28 of 1st period - Stopped by Sergei Bobrovsky without a rebound.
3:29 of 1st period - Anze Kopitar wins face-off versus Evgeni Malkin in Devils zone.
3:36 of 1st period - Slapshot by Evgeni Malkin.
3:36 of 1st period - Stopped by Sergei Bobrovsky without a rebound.
3:37 of 1st period - Patrice Bergeron wins face-off versus Nic Dowd in Devils zone.
3:37 of 1st period - Patrice Bergeron is hit by Kyle Okposo.
4:26 of 1st period - Phil Kessel is hit by Kyle Turris and loses puck.
4:37 of 1st period - Wrist shot by Marcus Johansson.
4:37 of 1st period - Stopped by Connor Hellebuyck without a rebound.
4:38 of 1st period - Derek Stepan wins face-off versus Patrice Bergeron in Golden Knights zone.
4:38 of 1st period - Derek Stepan is hit by Thomas Hickey.
4:52 of 1st period - Snap shot by Brayden Point.
4:52 of 1st period - Stopped by Connor Hellebuyck without a rebound.
4:52 of 1st period - Double Minor Penalty to Connor Hellebuyck for Slashing.
4:53 of 1st period - Evgeni Malkin wins face-off versus Patrice Bergeron in Golden Knights zone.
4:55 of 1st period - Double Minor Penalty to Brooks Orpik for Roughing.
4:56 of 1st period - Patrice Bergeron wins face-off versus Evgeni Malkin in Golden Knights zone.
4:56 of 1st period - Slapshot by Brayden Point.
4:56 of 1st period - Shot Misses the Net.
4:58 of 1st period - Wrist shot by Reilly Smith.
4:58 of 1st period - Stopped by Connor Hellebuyck without a rebound.
4:59 of 1st period - Patrice Bergeron wins face-off versus Evgeni Malkin in Golden Knights zone.
5:04 of 1st period - Wrist shot by Patrice Bergeron.
5:04 of 1st period - Stopped by Connor Hellebuyck without a rebound.
5:05 of 1st period - Evgeni Malkin wins face-off versus Patrice Bergeron in Golden Knights zone.
7:19 of 1st period - Derek Stepan is hit by Dominik Kahun and loses puck.
8:52 of 1st period - Penalty to Brock Boeser is over, Brock Boeser is back on ice.
8:55 of 1st period - Penalty to Brooks Orpik is over, Brooks Orpik is back on ice.
9:03 of 1st period - Wrist shot by Kyle Okposo.
9:03 of 1st period - Deflect By Nic Dowd.
9:03 of 1st period - Shot Misses the Net.
9:03 of 1st period - Puck is out of play.
9:04 of 1st period - Kyle Turris wins face-off versus Nic Dowd in Devils zone.
9:09 of 1st period - Wrist shot by Marcus Johansson.
9:09 of 1st period - Shot Misses the Net.
9:25 of 1st period - Kevin Connauton is hit by Blake Coleman and loses puck.
9:44 of 1st period - Icing by Kevin Connauton.
9:45 of 1st period - Byron Froese wins face-off versus Cal O'Reilly in Devils zone.
11:00 of 1st period - Snap shot by Marcus Johansson.
11:00 of 1st period - Deflect By Dominik Kahun.
11:00 of 1st period - Stopped by Connor Hellebuyck with a rebound.
11:54 of 1st period - Slapshot by Neal Pionk.
11:54 of 1st period - Shot Blocked by Korbinian Holzer.
11:56 of 1st period - Backhand shot by Thomas Hickey.
11:56 of 1st period - Stopped by Connor Hellebuyck without a rebound.
11:57 of 1st period - Derek Stepan wins face-off versus Anze Kopitar in Golden Knights zone.
11:57 of 1st period - Derek Stepan is hit by Anze Kopitar.
13:11 of 1st period - Icing by Nic Dowd.
13:12 of 1st period - Nic Dowd wins face-off versus Roope Hintz in Golden Knights zone.
13:12 of 1st period - Nic Dowd is hit by Ryan Ellis.
13:54 of 1st period - Snap shot by Kyle Okposo.
13:54 of 1st period - Shot Blocked by Jared Spurgeon.
13:56 of 1st period - Slapshot by Korbinian Holzer.
13:56 of 1st period - Shot Misses the Net.
13:58 of 1st period - Slapshot by Kris Russell.
13:58 of 1st period - Shot Misses the Net.
14:08 of 1st period - Slapshot by Kyle Okposo.
14:08 of 1st period - Shot Misses the Net.
14:16 of 1st period - Snap shot by Kyle Okposo.
14:16 of 1st period - Stopped by Sergei Bobrovsky with a rebound.
14:18 of 1st period - Snap shot by Kris Russell.
14:18 of 1st period - Shot Blocked by Jared Spurgeon.
14:20 of 1st period - Snap shot by Kyle Okposo.
14:20 of 1st period - Stopped by Sergei Bobrovsky without a rebound.
14:21 of 1st period - Derek Stepan wins face-off versus Patrice Bergeron in Devils zone.
14:36 of 1st period - Snap shot by Derek Stepan.
14:36 of 1st period - Shot Misses the Net.
14:52 of 1st period - Snap shot by Phil Kessel.
14:52 of 1st period - Stopped by Sergei Bobrovsky without a rebound.
14:53 of 1st period - Anze Kopitar wins face-off versus Evgeni Malkin in Devils zone.
15:51 of 1st period - Wrist shot by Marcus Johansson.
15:51 of 1st period - Stopped by Connor Hellebuyck without a rebound.
15:52 of 1st period - Anze Kopitar wins face-off versus Derek Stepan in Golden Knights zone.
15:53 of 1st period - Slapshot by Alex DeBrincat.
15:53 of 1st period - Shot Blocked by Ryan Pulock.
15:55 of 1st period - Snap shot by Alex DeBrincat.
15:55 of 1st period - Stopped by Connor Hellebuyck with a rebound.
15:59 of 1st period - Snap shot by Jeff Skinner.
15:59 of 1st period - Stopped by Connor Hellebuyck without a rebound.
16:00 of 1st period - Anze Kopitar wins face-off versus Derek Stepan in Golden Knights zone.
16:01 of 1st period - Snap shot by Alex DeBrincat.
16:01 of 1st period - Stopped by Connor Hellebuyck without a rebound.
16:02 of 1st period - Derek Stepan wins face-off versus Jeff Skinner in Golden Knights zone.
17:02 of 1st period - Snap shot by Anze Kopitar.
17:02 of 1st period - Stopped by Connor Hellebuyck with a rebound.
17:04 of 1st period - Slapshot by Anze Kopitar.
17:04 of 1st period - Shot Misses the Net.
17:06 of 1st period - Slapshot by Jared Spurgeon.
17:06 of 1st period - Shot Blocked by Antoine Roussel.
17:08 of 1st period - Wrist shot by Jeff Skinner.
17:08 of 1st period - Shot Blocked by Brooks Orpik.
17:10 of 1st period - Wrist shot by Alex DeBrincat.
17:10 of 1st period - Shot Misses the Net.
17:12 of 1st period - Snap shot by Jared Spurgeon.
17:12 of 1st period - Stopped by Connor Hellebuyck with a rebound.
17:20 of 1st period - Slapshot by Alex DeBrincat.
17:20 of 1st period - Stopped by Connor Hellebuyck without a rebound.
17:21 of 1st period - Evgeni Malkin wins face-off versus Patrice Bergeron in Golden Knights zone.
17:21 of 1st period - Evgeni Malkin is hit by Brayden Point.
17:30 of 1st period - Icing by Patrice Bergeron.
17:31 of 1st period - Evgeni Malkin wins face-off versus Patrice Bergeron in Devils zone.
17:36 of 1st period - Snap shot by Phil Kessel.
17:36 of 1st period - Stopped by Sergei Bobrovsky with a rebound.
17:46 of 1st period - Slapshot by Brayden Point.
17:46 of 1st period - Shot Blocked by P.K. Subban.
17:48 of 1st period - Wrist shot by Patrice Bergeron.
17:48 of 1st period - Stopped by Connor Hellebuyck with a rebound.
17:50 of 1st period - Wrist shot by Thomas Hickey.
17:50 of 1st period - Stopped by Connor Hellebuyck without a rebound.
17:51 of 1st period - Nic Dowd wins face-off versus Kyle Turris in Golden Knights zone.
17:58 of 1st period - Wrist shot by Austin Watson.
17:58 of 1st period - Shot Misses the Net.
18:00 of 1st period - Slapshot by Nic Dowd.
18:00 of 1st period - Shot Misses the Net.
18:02 of 1st period - Slapshot by Korbinian Holzer.
18:02 of 1st period - Shot Blocked by Brandon Carlo.
18:04 of 1st period - Slapshot by Kris Russell.
18:04 of 1st period - Shot Blocked by Kevin Connauton.
18:06 of 1st period - Wrist shot by Austin Watson.
18:06 of 1st period - Stopped by Sergei Bobrovsky with a rebound.
18:26 of 1st period - Wrist shot by Drake Caggiula.
18:26 of 1st period - Stopped by Sergei Bobrovsky without a rebound.
18:27 of 1st period - Blake Coleman wins face-off versus Patrice Bergeron in Devils zone.
19:26 of 1st period - Snap shot by Brandon Sutter.
19:26 of 1st period - Deflect By Roope Hintz.
19:26 of 1st period - Shot Misses the Net.
19:26 of 1st period - Puck is out of play.
19:27 of 1st period - Evgeni Malkin wins face-off versus Patrice Bergeron in Golden Knights zone.
19:40 of 1st period - Snap shot by Phil Kessel.
19:40 of 1st period - Shot Misses the Net.
19:42 of 1st period - Wrist shot by Phil Kessel.
19:42 of 1st period - Golden Knights goal is going for a video replay.
19:42 of 1st period - The goal is good.
19:42 of 1st period - Goal by Phil Kessel - Golden Knights : 1 - Devils : 0.
19:43 of 1st period - Patrice Bergeron wins face-off versus Evgeni Malkin in neutral zone.
Goals for this period are 1 for Golden Knights vs 0 for Devils.
Shots for this period are 12 for Golden Knights vs 17 for Devils.

2nd period


0:01 of 2nd period - Patrice Bergeron wins face-off versus Blake Coleman in neutral zone.
0:10 of 2nd period - Snap shot by Patrice Bergeron.
0:10 of 2nd period - Shot Hit the Post.
0:12 of 2nd period - Snap shot by Brayden Point.
0:12 of 2nd period - Shot Blocked by Ryan Pulock.
0:14 of 2nd period - Slapshot by Brayden Point.
0:14 of 2nd period - Shot Misses the Net.
1:32 of 2nd period - Marcus Johansson is hit by Blake Coleman and loses puck.
2:00 of 2nd period - Icing by Neal Pionk.
2:01 of 2nd period - Derek Stepan wins face-off versus Kyle Turris in Devils zone.
2:12 of 2nd period - Wrist shot by Marcus Johansson.
2:12 of 2nd period - Goal by Marcus Johansson - Golden Knights : 1 - Devils : 1.
2:13 of 2nd period - Derek Stepan wins face-off versus Anze Kopitar in neutral zone.
2:16 of 2nd period - Snap shot by Dustin Byfuglien.
2:16 of 2nd period - Shot Blocked by Ryan Ellis.
2:18 of 2nd period - Slapshot by P.K. Subban.
2:18 of 2nd period - Deflect By Brock Boeser.
2:18 of 2nd period - Goal by Brock Boeser - Golden Knights : 2 - Devils : 1.
2:19 of 2nd period - Nic Dowd wins face-off versus Patrice Bergeron in neutral zone.
2:44 of 2nd period - P.K. Subban is hit by Ryan Ellis and loses puck.
2:52 of 2nd period - Off-side.
2:53 of 2nd period - Anze Kopitar wins face-off versus Nic Dowd in neutral zone.
2:58 of 2nd period - Snap shot by Anze Kopitar.
2:58 of 2nd period - Stopped by Connor Hellebuyck with a rebound.
3:04 of 2nd period - Snap shot by Kyle Okposo.
3:04 of 2nd period - Goal by Kyle Okposo - Golden Knights : 3 - Devils : 1.
3:05 of 2nd period - Patrice Bergeron wins face-off versus Derek Stepan in neutral zone.
3:18 of 2nd period - Wrist shot by Brayden Point.
3:18 of 2nd period - Shot Blocked by Derek Stepan.
3:20 of 2nd period - Slapshot by Jared Spurgeon.
3:20 of 2nd period - Stopped by Connor Hellebuyck with a rebound.
3:32 of 2nd period - Jared Spurgeon is hit by Austin Watson and loses puck.
3:39 of 2nd period - Slapshot by P.K. Subban.
3:39 of 2nd period - Deflect By Kyle Okposo.
3:39 of 2nd period - Shot Misses the Net.
3:39 of 2nd period - Puck is out of play.
3:40 of 2nd period - Nic Dowd wins face-off versus Anze Kopitar in Devils zone.
3:41 of 2nd period - Slapshot by Kyle Okposo.
3:41 of 2nd period - Deflect By Jeff Skinner.
3:41 of 2nd period - Shot Misses the Net.
3:41 of 2nd period - Puck is out of play.
3:42 of 2nd period - Nic Dowd wins face-off versus Anze Kopitar in Devils zone.
4:15 of 2nd period - Wrist shot by Derek Stepan.
4:15 of 2nd period - Stopped by Sergei Bobrovsky with a rebound.
4:17 of 2nd period - Wrist shot by Derek Stepan.
4:17 of 2nd period - Stopped by Sergei Bobrovsky without a rebound.
4:18 of 2nd period - Derek Stepan wins face-off versus Marcus Johansson in Devils zone.
4:57 of 2nd period - Snap shot by Patrice Bergeron.
4:57 of 2nd period - Shot Misses the Net.
5:07 of 2nd period - Slapshot by Anze Kopitar.
5:07 of 2nd period - Stopped by Connor Hellebuyck without a rebound.
5:08 of 2nd period - Anze Kopitar wins face-off versus Phil Kessel in Golden Knights zone.
6:01 of 2nd period - Snap shot by Anze Kopitar.
6:01 of 2nd period - Shot Blocked by Korbinian Holzer.
6:09 of 2nd period - Wrist shot by Alex DeBrincat.
6:09 of 2nd period - Stopped by Connor Hellebuyck without a rebound.
6:10 of 2nd period - Patrice Bergeron wins face-off versus Derek Stepan in Golden Knights zone.
6:13 of 2nd period - Wrist shot by Brayden Point.
6:13 of 2nd period - Stopped by Connor Hellebuyck with a rebound.
6:27 of 2nd period - Wrist shot by Patrice Bergeron.
6:27 of 2nd period - Stopped by Connor Hellebuyck with a rebound.
6:49 of 2nd period - Snap shot by Kyle Turris.
6:49 of 2nd period - Shot Misses the Net.
7:07 of 2nd period - Snap shot by Drake Caggiula.
7:07 of 2nd period - Shot Misses the Net.
7:13 of 2nd period - Slapshot by Ryan Pulock.
7:13 of 2nd period - Deflect By Byron Froese.
7:13 of 2nd period - Stopped by Sergei Bobrovsky with a rebound.
7:25 of 2nd period - Ryan Pulock is hit by Neal Pionk and loses puck.
7:40 of 2nd period - Kyle Okposo is hit by Thomas Hickey and loses puck.
8:15 of 2nd period - Kris Russell is hit by Roope Hintz and loses puck.
8:58 of 2nd period - Jeff Skinner is hit by P.K. Subban and loses puck.
9:09 of 2nd period - Patrik Berglund is hit by Kevin Connauton and loses puck.
9:33 of 2nd period - Slapshot by Dustin Byfuglien.
9:33 of 2nd period - Stopped by Sergei Bobrovsky without a rebound.
9:34 of 2nd period - Patrice Bergeron wins face-off versus Nic Dowd in Devils zone.
9:34 of 2nd period - Patrice Bergeron is hit by Nic Dowd.
9:58 of 2nd period - Slapshot by Austin Watson.
9:58 of 2nd period - Deflect By Nic Dowd.
9:58 of 2nd period - Shot Misses the Net.
9:58 of 2nd period - Puck is out of play.
9:59 of 2nd period - Anze Kopitar wins face-off versus Derek Stepan in Devils zone.
10:02 of 2nd period - Snap shot by Brock Boeser.
10:02 of 2nd period - Stopped by Sergei Bobrovsky without a rebound.
10:03 of 2nd period - Patrice Bergeron wins face-off versus Brock Boeser in Devils zone.
10:35 of 2nd period - Snap shot by Alex DeBrincat.
10:35 of 2nd period - Shot Misses the Net.
10:59 of 2nd period - Snap shot by Drake Caggiula.
10:59 of 2nd period - Stopped by Sergei Bobrovsky without a rebound.
11:00 of 2nd period - Derek Stepan wins face-off versus Patrice Bergeron in Devils zone.
11:25 of 2nd period - Brooks Orpik is hit by Anze Kopitar and loses puck.
11:31 of 2nd period - Icing by Brooks Orpik.
11:32 of 2nd period - Nic Dowd wins face-off versus Anze Kopitar in Golden Knights zone.
11:37 of 2nd period - Slapshot by Ryan Pulock.
11:37 of 2nd period - Shot Blocked by Kevin Connauton.
11:39 of 2nd period - Slapshot by Brooks Orpik.
11:39 of 2nd period - Stopped by Sergei Bobrovsky without a rebound.
11:40 of 2nd period - Derek Stepan wins face-off versus Patrice Bergeron in Devils zone.
11:57 of 2nd period - Slapshot by Ryan Ellis.
11:57 of 2nd period - Stopped by Connor Hellebuyck without a rebound.
11:58 of 2nd period - Anze Kopitar wins face-off versus Evgeni Malkin in Golden Knights zone.
11:59 of 2nd period - Snap shot by Jeff Skinner.
11:59 of 2nd period - Stopped by Connor Hellebuyck with a rebound.
12:11 of 2nd period - Slapshot by Ryan Ellis.
12:11 of 2nd period - Deflect By Alex DeBrincat.
12:11 of 2nd period - Shot Misses the Net.
12:11 of 2nd period - Puck is out of play.
12:12 of 2nd period - Derek Stepan wins face-off versus Patrice Bergeron in Golden Knights zone.
12:37 of 2nd period - Reilly Smith is hit by Austin Watson and loses puck.
12:46 of 2nd period - Slapshot by Dustin Byfuglien.
12:46 of 2nd period - Stopped by Sergei Bobrovsky without a rebound.
12:47 of 2nd period - Anze Kopitar wins face-off versus Derek Stepan in Devils zone.
12:47 of 2nd period - Anze Kopitar is hit by Dustin Byfuglien.
14:44 of 2nd period - Wrist shot by Nic Dowd.
14:44 of 2nd period - Stopped by Sergei Bobrovsky without a rebound.
14:45 of 2nd period - Patrice Bergeron wins face-off versus Derek Stepan in Devils zone.
15:44 of 2nd period - Snap shot by Kyle Okposo.
15:44 of 2nd period - Shot Misses the Net.
16:41 of 2nd period - Alex DeBrincat is hit by Blake Coleman.
17:15 of 2nd period - Wrist shot by Derek Stepan.
17:15 of 2nd period - Stopped by Sergei Bobrovsky without a rebound.
17:16 of 2nd period - Derek Stepan wins face-off versus Cal O'Reilly in Devils zone.
17:27 of 2nd period - Kris Russell is hit by Neal Pionk and loses puck.
17:36 of 2nd period - Cal O'Reilly is hit by Antoine Roussel and loses puck.
17:49 of 2nd period - Snap shot by Brock Boeser.
17:49 of 2nd period - Shot Misses the Net.
17:51 of 2nd period - Slapshot by Brooks Orpik.
17:51 of 2nd period - Shot Blocked by Cal O'Reilly.
17:53 of 2nd period - Slapshot by Ryan Pulock.
17:53 of 2nd period - Shot Blocked by Thomas Hickey.
17:55 of 2nd period - Snap shot by Derek Stepan.
17:55 of 2nd period - Stopped by Sergei Bobrovsky without a rebound.
17:56 of 2nd period - Evgeni Malkin wins face-off versus Anze Kopitar in Devils zone.
18:00 of 2nd period - Minor Penalty to Anze Kopitar for Tripping.
18:01 of 2nd period - Cal O'Reilly wins face-off versus Evgeni Malkin in Devils zone.
0:00 of 3rd period - Penalty to Anze Kopitar is over, Anze Kopitar is back on ice.
Goals for this period are 2 for Golden Knights vs 1 for Devils.
Shots for this period are 13 for Golden Knights vs 9 for Devils.

3rd period


0:01 of 3rd period - Evgeni Malkin wins face-off versus Anze Kopitar in neutral zone.
0:26 of 3rd period - Reilly Smith is hit by Ryan Pulock and loses puck.
0:49 of 3rd period - Slapshot by Jared Spurgeon.
0:49 of 3rd period - Shot Misses the Net.
0:51 of 3rd period - Snap shot by Jared Spurgeon.
0:51 of 3rd period - Stopped by Connor Hellebuyck with a rebound.
0:55 of 3rd period - Backhand shot by Marcus Johansson.
0:55 of 3rd period - Stopped by Connor Hellebuyck with a rebound.
0:57 of 3rd period - Snap shot by Marcus Johansson.
0:57 of 3rd period - Shot Misses the Net.
0:59 of 3rd period - Wrist shot by Marcus Johansson.
0:59 of 3rd period - Shot Blocked by Austin Watson.
1:33 of 3rd period - Wrist shot by Anze Kopitar.
1:33 of 3rd period - Stopped by Connor Hellebuyck without a rebound.
1:34 of 3rd period - Evgeni Malkin wins face-off versus Alex DeBrincat in Golden Knights zone.
2:13 of 3rd period - Snap shot by Anze Kopitar.
2:13 of 3rd period - Stopped by Connor Hellebuyck without a rebound.
2:14 of 3rd period - Derek Stepan wins face-off versus Patrice Bergeron in Golden Knights zone.
2:14 of 3rd period - Derek Stepan is hit by Patrice Bergeron.
3:09 of 3rd period - Wrist shot by Roope Hintz.
3:09 of 3rd period - Stopped by Connor Hellebuyck without a rebound.
3:10 of 3rd period - Patrice Bergeron wins face-off versus Evgeni Malkin in Golden Knights zone.
3:11 of 3rd period - Snap shot by Brayden Point.
3:11 of 3rd period - Stopped by Connor Hellebuyck without a rebound.
3:12 of 3rd period - Patrice Bergeron wins face-off versus Evgeni Malkin in Golden Knights zone.
4:02 of 3rd period - Snap shot by Drake Caggiula.
4:02 of 3rd period - Shot Misses the Net.
4:24 of 3rd period - Slapshot by Brayden Point.
4:24 of 3rd period - Stopped by Connor Hellebuyck without a rebound.
4:25 of 3rd period - Patrice Bergeron wins face-off versus Nic Dowd in Golden Knights zone.
4:36 of 3rd period - Snap shot by Patrice Bergeron.
4:36 of 3rd period - Deflect By Reilly Smith.
4:36 of 3rd period - Stopped by Connor Hellebuyck with a rebound.
4:44 of 3rd period - Patrice Bergeron is hit by Dustin Byfuglien and loses puck.
4:55 of 3rd period - Snap shot by Kyle Okposo.
4:55 of 3rd period - Shot Misses the Net.
4:57 of 3rd period - Snap shot by Nic Dowd.
4:57 of 3rd period - Shot Misses the Net.
5:11 of 3rd period - Snap shot by Kyle Okposo.
5:11 of 3rd period - Shot Blocked by Thomas Hickey.
6:02 of 3rd period - Wrist shot by Kyle Okposo.
6:02 of 3rd period - Stopped by Sergei Bobrovsky with a rebound.
6:04 of 3rd period - Snap shot by Kyle Okposo.
6:04 of 3rd period - Stopped by Sergei Bobrovsky without a rebound.
6:05 of 3rd period - Anze Kopitar wins face-off versus Derek Stepan in Devils zone.
6:10 of 3rd period - Slapshot by Jeff Skinner.
6:10 of 3rd period - Stopped by Connor Hellebuyck with a rebound.
6:12 of 3rd period - Wrist shot by Anze Kopitar.
6:12 of 3rd period - Shot Blocked by Antoine Roussel.
6:14 of 3rd period - Snap shot by Anze Kopitar.
6:14 of 3rd period - Shot Misses the Net.
6:38 of 3rd period - Snap shot by Marcus Johansson.
6:38 of 3rd period - Shot Blocked by P.K. Subban.
7:20 of 3rd period - Snap shot by Brock Boeser.
7:20 of 3rd period - Stopped by Sergei Bobrovsky without a rebound.
7:21 of 3rd period - Derek Stepan wins face-off versus Kyle Turris in Devils zone.
7:34 of 3rd period - Derek Stepan is hit by Brandon Carlo and loses puck.
7:47 of 3rd period - Brandon Carlo is hit by Evgeni Malkin and loses puck.
8:36 of 3rd period - Dustin Byfuglien is hit by Kyle Turris.
8:59 of 3rd period - Snap shot by Dustin Byfuglien.
8:59 of 3rd period - Stopped by Sergei Bobrovsky without a rebound.
9:00 of 3rd period - Anze Kopitar wins face-off versus Evgeni Malkin in Devils zone.
9:17 of 3rd period - Snap shot by Jeff Skinner.
9:17 of 3rd period - Shot Misses the Net.
10:37 of 3rd period - Ryan Ellis is hit by Nic Dowd.
11:40 of 3rd period - Drake Caggiula is hit by Marcus Johansson and loses puck.
11:44 of 3rd period - Icing by P.K. Subban.
11:45 of 3rd period - Byron Froese wins face-off versus Anze Kopitar in Golden Knights zone.
11:52 of 3rd period - Wrist shot by Jeff Skinner.
11:52 of 3rd period - Stopped by Connor Hellebuyck with a rebound.
12:35 of 3rd period - Marcus Johansson is hit by Dustin Byfuglien and loses puck.
13:49 of 3rd period - Snap shot by Brock Boeser.
13:49 of 3rd period - Shot Misses the Net.
13:51 of 3rd period - Snap shot by Brock Boeser.
13:51 of 3rd period - Deflect By Derek Stepan.
13:51 of 3rd period - Shot Misses the Net.
13:51 of 3rd period - Puck is out of play.
13:52 of 3rd period - Kyle Turris wins face-off versus Evgeni Malkin in Devils zone.
14:01 of 3rd period - Wrist shot by Marcus Johansson.
14:01 of 3rd period - Stopped by Connor Hellebuyck without a rebound.
14:02 of 3rd period - Evgeni Malkin wins face-off versus Kyle Turris in Golden Knights zone.
14:51 of 3rd period - Slapshot by Marcus Johansson.
14:51 of 3rd period - Stopped by Connor Hellebuyck with a rebound.
15:15 of 3rd period - Slapshot by Phil Kessel.
15:15 of 3rd period - Stopped by Sergei Bobrovsky without a rebound.
15:16 of 3rd period - Nic Dowd wins face-off versus Patrice Bergeron in Devils zone.
15:21 of 3rd period - Snap shot by Kyle Okposo.
15:21 of 3rd period - Stopped by Sergei Bobrovsky with a rebound.
16:03 of 3rd period - Wrist shot by Roope Hintz.
16:03 of 3rd period - Stopped by Connor Hellebuyck without a rebound.
16:04 of 3rd period - Cal O'Reilly wins face-off versus Derek Stepan in Golden Knights zone.
16:31 of 3rd period - P.K. Subban is hit by Brandon Carlo and loses puck.
16:44 of 3rd period - Slapshot by Alex DeBrincat.
16:44 of 3rd period - Stopped by Connor Hellebuyck with a rebound.
17:00 of 3rd period - Slapshot by Patrice Bergeron.
17:00 of 3rd period - Deflect By Brayden Point.
17:00 of 3rd period - Stopped by Connor Hellebuyck without a rebound.
17:01 of 3rd period - Brayden Point wins face-off versus Evgeni Malkin in Golden Knights zone.
17:02 of 3rd period - Wrist shot by Patrice Bergeron.
17:02 of 3rd period - Deflect By Brayden Point.
17:02 of 3rd period - Stopped by Connor Hellebuyck with a rebound.
17:04 of 3rd period - Wrist shot by Reilly Smith.
17:04 of 3rd period - Stopped by Connor Hellebuyck with a rebound.
17:23 of 3rd period - Off-side.
17:24 of 3rd period - Kyle Turris wins face-off versus Derek Stepan in neutral zone.
18:02 of 3rd period - Korbinian Holzer is hit by Brayden Point and loses puck.
18:23 of 3rd period - Slapshot by Jeff Skinner.
18:23 of 3rd period - Stopped by Connor Hellebuyck with a rebound.
18:46 of 3rd period - Off-side.
18:47 of 3rd period - Kyle Turris wins face-off versus Derek Stepan in neutral zone.
18:56 of 3rd period - Snap shot by Derek Stepan.
18:56 of 3rd period - Shot Misses the Net.
19:14 of 3rd period - Nic Dowd is hit by Reilly Smith and loses puck.
Goals for this period are 0 for Golden Knights vs 0 for Devils.
Shots for this period are 6 for Golden Knights vs 18 for Devils. Output by the SimonT Hockey Simulator (STHS) for Eric Tremblay - Original Page W3C HTML5 Valid
Hockey Simulator - Hockey Simulation - Hockey Manager